 Dungeon Crawl Stone Soup version 0.27.1-34-g3ba077fa99 (webtiles) character file.

Game seed: 4714257052144939290

189480 mtoz the Warrior (level 17, -1/243 HPs)
             Began as a Minotaur Berserker on Jan 5, 2022.
             Was a Priest of Trog.
             Succumbed to a guardian serpent's bolt of poison
             ... on level 4 of the Snake Pit.
             The game lasted 03:18:43 (50207 turns).

mtoz the Warrior (Minotaur Berserker)              Turns: 50207, Time: 03:18:43

Health: -1/243     AC: 33    Str: 28    XL:     17   Next: 94%
Magic:  16/16      EV: 13    Int:  2    God:    Trog [***...]
Gold:   1646       SH:  5    Dex: 11    Spells: 16/16 levels left

rFire    + . .     SeeInvis .   w - +4 battleaxe (flame)
rCold    + . .     Faith    .   (shield currently unavailable)
rNeg     . . .     Spirit   .   P - +4 plate armour
rPois    .         Reflect  +   (helmet restricted)
rElec    .         Harm     .   c - scarf {rC+ rF+}
rCorr    .         Rampage  +   j - +2 pair of gloves
Will     +++..                  a - +2 pair of boots {rampage}
Stlth    ..........             l - amulet of reflection
HPRegen  1.50/turn              V - +4 ring of protection
MPRegen  0.15/turn              v - +4 ring of slaying

@: berserking, lethally poisoned (-1 -> -20), weakened, strong-willed,
regenerating, very quick
A: horns 2, retaliatory headbutt, dopey 1
a: Renounce Religion, Berserk, Trog's Hand


You were on level 4 of the Snake Pit.
You worshipped Trog.
Trog was most pleased with you.
You visited 4 branches of the dungeon, and saw 27 of its levels.

You collected 2647 gold pieces.
You spent 1001 gold pieces at shops.

Inventory:

Hand Weapons
 w - a +4 battleaxe of flaming (weapon)
Armour
 a - a +2 pair of boots of rampaging (worn)
 c - a scarf of resistance (worn)
 j - a +2 pair of gloves (worn)
 B - a scarf of repulsion
 G - the +1 chain mail of Figol {+Inv rElec rC++ MP-9}
   (You found it on level 2 of the Lair of Beasts)

   rC:        It greatly protects you from cold.
   rElec:     It insulates you from electricity.
   MP:        It affects your magic capacity (-9).
   +Inv:      It lets you turn invisible.
 P - a +4 plate armour (worn)
 T - a +2 cloak of willpower
Jewellery
 g - a ring of positive energy
 l - an amulet of reflection (around neck)
 s - a ring of see invisible
 v - a +4 ring of slaying (right hand)
 x - a ring of protection from fire
 C - an amulet of guardian spirit
 F - a ring of flight
 O - a ring of willpower
 V - a +4 ring of protection (left hand)
Wands
 f - a wand of iceblast (32)
 m - a wand of flame (29)
 n - a wand of polymorph (23)
 o - a wand of charming (7)
 p - a wand of mindburst (19)
 L - a wand of digging (9)
 U - a wand of paralysis (20)
Scrolls
 b - 4 scrolls of enchant weapon
 e - 3 scrolls of blinking
 i - 2 scrolls of holy word
 r - 8 scrolls of teleportation
 z - 2 scrolls of magic mapping
 E - 4 scrolls of brand weapon
 J - 4 scrolls of fear
 K - 12 scrolls of identify
 M - 5 scrolls of vulnerability
 R - a scroll of fog
 W - 4 scrolls of immolation
Potions
 d - 4 potions of might
 h - 14 potions of ambrosia
 k - 5 potions of heal wounds
 q - 2 potions of cancellation
 t - 4 potions of magic
 u - 3 potions of invisibility
 D - 3 potions of haste
 H - a potion of resistance
 I - 3 potions of lignification
 N - a potion of mutation
 Q - 4 potions of attraction
 X - a potion of flight
 Z - 2 potions of berserk rage
Miscellaneous
 S - a lightning rod (4/4)


   Skills:
 + Level 17.6 Fighting
 + Level 17.5 Axes
 + Level 17.4 Armour
 + Level 16.2 Dodging
 + Level 12.4 Evocations


You had 16 spell levels left.
You didn't know any spells.
Your spell library was empty.

Dungeon Overview and Level Annotations

Branches:
Dungeon (15/15)            Temple (0/1) D:6            Lair (6/6) D:10
  Swamp (0/4) Lair:3        Snake (4/4) Lair:2        Slime (0/5) Lair:5
    Orc (2/2) D:10            Elf (0/3) Orc:2        Vaults (0/5) D:14
 Depths (0/5) D:15

Altars:
Gozag
Nemelex Xobeh
Qazlal
Sif Muna
Zin
Beogh

Shops:
D:2 *(   D:3 [   D:12 *   Orc:2 **[*:


Innate Abilities, Weirdness & Mutations

You have a pair of horns on your head.
You reflexively headbutt those who attack you in melee.
You are dopey. (Int -2)


Message History

You closely miss the salamander tyrant. You slash the guardian serpent!
You burn the guardian serpent. You slash the salamander mystic!
You slash the salamander! You miss the guardian serpent.
You feel very sick.
The salamander tyrant gazes fiercely through you!
You feel as though you will be weak longer.
The salamander tyrant closely misses you.
You furiously retaliate!
You headbutt the salamander tyrant!
The salamander hits you but does no damage.
The guardian serpent hits you but does no damage.
The guardian serpent coils itself and waves its upper body at you.
The bolt of poison hits you!
You are more poisoned.
* * * LOW HITPOINT WARNING * * *
The bolt of poison hits the guardian serpent.
* * * LOW HITPOINT WARNING * * *
You feel very sick.
The salamander tyrant hits you but does no damage.
The guardian serpent hits you!
* * * LOW HITPOINT WARNING * * *
You see here a +1 spear of venom.
You slice the salamander tyrant!!
The salamander tyrant is severely wounded.
You miss the guardian serpent. You slash the salamander mystic!
* * * LOW HITPOINT WARNING * * *
You feel very sick. The salamander misses you.
The salamander mystic closely misses you.
You furiously retaliate!
You headbutt the salamander mystic!
The salamander tyrant gazes fiercely through you!
You feel as though you will be weak longer.
The salamander tyrant closely misses you.
You are too berserk!
You slice the salamander tyrant!!
You kill the salamander tyrant!
Trog accepts your kill.
Trog appreciates your killing of a magic user.
You slice the salamander mystic!!
You hit the guardian serpent but do no damage.
You die...

#≈≈.....§.§§§§§.'..####
##......#.......#......
..≈≈§≈≈≈.≈##.....##.....########
#.≈≈≈≈≈≈.≈§##....##)###.#
#S≈≈≈≈N..§≈ #.#.####.).##
......≈≈≈ ##...## ##### .≈N≈.≈≈
#.#S#.# #§≈.≈ ##.N†## #≈.≈#
###NS@# ######### #S.# ##....##
#...#.... #.N###....## #.....###
##..).S#### ####........ ##.).##
###...(.......
##############......#......
#...............R..#######.
###...##########.....[..##.
#...# ##### ########....


You could see a salamander mystic, a salamander and 3 guardian serpents.

Vanquished Creatures
  Mara (Snake:4)
  Vashnia (Snake:4)
  Nikola (Snake:3)
  Asterion (Snake:1)
  Frances (D:12)
  Roxanne (D:14)
  3 nagarajas
  Louise (D:14)
  Aizul (Snake:4)
  Azrael (D:13)
  The ghost of Dicemaster the Thaumaturge, a journeyman GnWr of Makhleb (Lair:5)
  Nessos (D:12)
  The ghost of Feulaj the Severer, a journeyman MiBe of Trog (Lair:3)
  5 vault guards (D:14)
  12 naga warriors
  11 hydras
  An ice dragon (D:14)
  4 salamander tyrants
  4 anacondas
  An ogre mage (D:15)
  A death knight (D:12)
  10 boulder beetles
  6 centaur warriors
  13 death yaks
  A deep troll shaman (Lair:6)
  2 catoblepae
  A tengu warrior (D:14)
  10 two-headed ogres
  Urug (D:12)
  An orc high priest (D:10)
  17 naga sharpshooters
  A deep elf knight (D:14)
  7 shock serpents
  2 salamander mystics
  A fire crab (Lair:5)
  7 naga ritualists
  2 wizards (D:14)
  A necromancer (D:15)
  4 lindwurms (Lair:6)
  5 orc knights
  A deep elf zephyrmancer (D:15)
  3 deep elf pyromancers
  A wolf spider zombie (D:15)
  15 mana vipers
  18 salamanders
  5 oklob plants
  A cyclops (D:14)
  A manticore (D:12)
  6 orc sorcerers
  3 ugly things (D:15)
  10 naga magi
  5 guardian serpents
  22 elephants
  42 black mambas
  A gargoyle (D:12)
  15 cane toads
  A torpor snail (Lair:1)
  A centaur skeleton (D:15)
  8 komodo dragons
  3 kobold demonologists
  A rime drake (Lair:3)
  A freezing wraith (D:15)
  4 polar bears
  A queen bee (D:10)
  8 trolls
  10 blink frogs
  A hornet (D:9)
  8 dream sheep (Lair:5)
  A harpy skeleton (D:15)
  Prince Ribbit (D:9)
  2 shadows
  2 centaur simulacra (D:14)
  3 wraiths
  3 basilisks
  39 yaks
  7 wyverns
  3 fire elementals (D:13)
  Eustachio (D:4)
  A steam dragon (D:8)
  Menkaure (D:4)
  7 vampire mosquitoes
  2 wargs
  3 swamp worms (Lair:3)
  5 hell hounds (D:13)
  48 nagas
  2 acid dragons
  A meliai simulacrum (D:15)
  15 water moccasins
  2 ice beasts
  31 orc warriors
  The ghost of diceflayer the Skirmisher, an amateur MiFi (D:3)
  2 black bears
  2 necrophages (D:7)
  2 sky beasts
  32 wolves
  6 ogres
  25 centaurs
  A phantom (D:4)
  3 kobold brigands
  10 bullfrogs
  2 scorpions
  A water moccasin zombie (D:6)
  A water moccasin skeleton (D:6)
  8 wights (D:8)
  26 killer bees (D:10)
  2 electric eels
  A howler monkey (D:9)
  6 centaur zombies
  A jelly (D:8)
  2 bullfrog skeletons
  3 hounds
  15 orc priests
  Jessica (D:14)
  Ijyb (D:4)
  An iguana (D:7)
  24 orc wizards
  2 howler monkey zombies
  7 gnolls
  A howler monkey skeleton (D:3)
  7 adders
  3 shadow imps (D:5)
  2 white imps
  An ufetubus (D:3)
  A worm (D:3)
  A dart slug (D:2)
  50 orcs
  8 bats
  10 endoplasms
  5 giant cockroaches
  8 goblins
  7 hobgoblins
  3 jackals (D:5)
  27 kobolds
  2 quokkas
  8 ball pythons
  7 frilled lizards
  5 rats
  A plant (Snake:3)
867 creatures vanquished.

Vanquished Creatures (collateral kills)
  An orc knight (Orc:2)
  An orc warrior (Orc:2)
  An orc (Orc:2)
3 creatures vanquished.

Vanquished Creatures (others)
  A naga ritualist (Snake:3)
  An orc wizard (D:3)
  An orc (Orc:1)
  32 fungi
  42 plants
77 creatures vanquished.

Grand Total: 947 creatures vanquished

Notes
Turn   | Place    | Note
-------+----------+-------------------------------------------
     0 | D:1      | mtoz the Minotaur Berserker began the quest for the Orb.
     0 | D:1      | Reached XP level 1. HP: 19/19 MP: 0/0
   196 | D:1      | Found a faded altar of an unknown god.
   217 | D:1      | Reached XP level 2. HP: 27/27 MP: 1/1
   832 | D:1      | Reached ** piety under Trog
   838 | D:1      | Reached XP level 3. HP: 26/33 MP: 2/2
  1128 | D:2      | Found Amargham's Antique Weapon Shoppe.
  1843 | D:2      | Found Diafun's Assorted Antiques.
  2017 | D:2      | Reached XP level 4. HP: 37/41 MP: 3/3
  2437 | D:3      | Found Myhibori's Armour Boutique.
  2814 | D:3      | Reached XP level 5. HP: 47/47 MP: 4/4
  3094 | D:3      | Found a runed translucent gate.
  3094 | D:3      | Found a runed translucent gate.
  3094 | D:3      | Found a runed translucent gate.
  3095 | D:3      | Found an opulent altar of Gozag.
  3096 | D:3      | Noticed diceflayer's ghost (amateur MiFi)
  3096 | D:3      | Noticed an ice beast
  3385 | D:3      | Killed diceflayer's ghost
  3386 | D:3      | Reached skill level 5 in Fighting
  3386 | D:3      | Reached skill level 5 in Axes
  3386 | D:3      | Reached XP level 6. HP: 54/56 MP: 5/5
  3388 | D:3      | Killed an ice beast
  3503 | D:4      | Reached skill level 5 in Armour
  3503 | D:4      | Reached XP level 7. HP: 56/62 MP: 6/6
  3568 | D:4      | Noticed Ijyb
  3589 | D:4      | Killed Ijyb
  3840 | D:4      | Noticed Menkaure
  3846 | D:4      | Killed Menkaure
  3987 | D:4      | Noticed a wyvern
  3997 | D:4      | Killed a wyvern
  3998 | D:4      | Reached skill level 5 in Dodging
  4213 | D:4      | Noticed Eustachio
  4221 | D:4      | Killed Eustachio
  4457 | D:4      | Reached XP level 8. HP: 62/71 MP: 7/7
  4746 | D:4      | Found a stormy altar of Qazlal.
  5013 | D:5      | Entered Level 5 of the Dungeon
  6409 | D:5      | Reached XP level 9. HP: 56/81 MP: 8/8
  6852 | D:6      | Found a staircase to the Ecumenical Temple.
  8473 | D:7      | Reached *** piety under Trog
  9092 | D:8      | Noticed a six-headed hydra
  9506 | D:3      | Bought a +1 pair of boots of rampaging for 231 gold pieces
 10184 | D:8      | Identified the +7 kite shield of Bitterness {Harm rF+ rN++}
 10192 | D:8      | Reached XP level 10. HP: 77/91 MP: 9/9
 10299 | D:8      | Killed a six-headed hydra
 10300 | D:8      | Reached skill level 1 in Evocations
 11073 | D:9      | Reached skill level 10 in Axes
 11090 | D:9      | Noticed Prince Ribbit
 11094 | D:9      | Reached skill level 10 in Fighting
 11099 | D:9      | Noticed a two-headed ogre
 11219 | D:9      | Killed Prince Ribbit
 11222 | D:9      | Killed a two-headed ogre
 11223 | D:9      | Reached skill level 10 in Armour
 11435 | D:9      | Identified the +1 flail "Alani" {protect, Stlth+}
 11799 | D:10     | Entered Level 10 of the Dungeon
 11883 | D:10     | Reached XP level 11. HP: 92/101 MP: 10/10
 11913 | D:10     | Found a staircase to the Lair.
 11985 | Lair:1   | Entered Level 1 of the Lair of Beasts
 12331 | D:10     | Noticed a two-headed ogre
 12336 | D:10     | Killed a two-headed ogre
 12494 | D:10     | Found a staircase to the Orcish Mines.
 12658 | D:10     | Reached skill level 10 in Dodging
 14050 | D:11     | Noticed a boulder beetle
 14052 | D:11     | Noticed a five-headed hydra
 14463 | D:11     | Killed a three-headed hydra
 14532 | D:11     | Noticed a sun demon
 14560 | D:11     | Killed a boulder beetle
 14561 | D:11     | Reached skill level 5 in Evocations
 14787 | D:12     | Noticed Urug
 14804 | D:12     | Killed Urug
 14804 | D:12     | Noticed a boulder beetle
 14805 | D:12     | Reached XP level 12. HP: 97/110 MP: 11/11
 15021 | D:11     | Killed a boulder beetle
 15301 | D:12     | Noticed a death knight
 15312 | D:12     | Killed a death knight
 15500 | D:12     | Noticed Frances
 15508 | D:12     | Killed Frances
 15526 | D:12     | Noticed Nessos
 16268 | Lair:1   | Noticed a four-headed hydra
 16275 | Lair:1   | Killed a one-headed hydra
 17683 | Lair:2   | Found a staircase to the Snake Pit.
 17703 | Lair:2   | Reached XP level 13. HP: 87/119 MP: 12/12
 18446 | Lair:2   | Identified the +1 chain mail of Figol {+Inv rElec rC++
                  | MP-9}
 19590 | Lair:3   | You fall into a shaft and drop 1 floor!
 19942 | Lair:3   | Identified the +0 scale mail of Vuopp {rElec rC++ rN+
                  | Int+4}
 19955 | Lair:3   | Found a runed translucent gate.
 19955 | Lair:3   | Found a runed translucent gate.
 19957 | Lair:3   | Found a runed translucent gate.
 19958 | Lair:3   | Noticed Feulaj's ghost (journeyman MiBe)
 19993 | Lair:3   | Killed Feulaj's ghost
 20648 | Lair:3   | Found a staircase to the Swamp.
 21059 | Lair:4   | Reached **** piety under Trog
 22047 | Lair:5   | Reached XP level 14. HP: 41/130 MP: 13/13
 22358 | Lair:5   | Found a large runed translucent door.
 22358 | Lair:5   | Found a large runed translucent door.
 22359 | Lair:5   | Noticed Dicemaster's ghost (journeyman GnWr)
 22944 | Lair:5   | Found a staircase to the Slime Pits.
 23179 | Lair:6   | Entered Level 6 of the Lair of Beasts
 23409 | Lair:5   | Killed Dicemaster's ghost
 25425 | Lair:6   | Reached XP level 15. HP: 59/139 MP: 14/14
 26358 | D:12     | Found Zow Edic's General Store.
 26359 | D:12     | Identified the +10 quarterstaff of Urgency {flame, rN+
                  | Str+4}
 26458 | D:12     | Killed Nessos
 26936 | D:13     | Noticed Azrael
 26960 | D:13     | Killed Azrael
 27356 | D:13     | Reached skill level 15 in Fighting
 27356 | D:13     | Reached skill level 15 in Axes
 27688 | D:3      | Bought a scarf of resistance for 448 gold pieces
 28750 | D:14     | Noticed Louise
 28771 | D:14     | Killed Louise
 28772 | D:14     | Reached skill level 15 in Armour
 28971 | D:14     | Reached skill level 10 in Evocations
 29291 | D:14     | Identified Roxanne's Guide on Transmutation
 29291 | D:14     | Noticed Roxanne
 29308 | D:14     | Killed Roxanne
 30061 | D:14     | Found a gate to the Vaults.
 30434 | D:14     | Found a sparkling altar of Nemelex Xobeh.
 30434 | D:14     | Noticed Jessica
 30435 | D:14     | Killed Jessica
 30562 | D:15     | Entered Level 15 of the Dungeon
 31071 | D:15     | Found a staircase to the Depths.
 31183 | D:15     | Found a shimmering blue altar of Sif Muna.
 31761 | Orc:1    | Entered Level 1 of the Orcish Mines
 31776 | D:10     | Reached XP level 16. HP: 91/150 MP: 6/15
 32809 | Orc:2    | Entered Level 2 of the Orcish Mines
 32809 | Orc:2    | Found Siumnae's Self-Improvement Boutique.
 34205 | Orc:2    | Found Jujedw Cegh's Antique Armour Boutique.
 34205 | Orc:2    | Found Peutoet's General Store.
 34205 | Orc:2    | Found Nopuw's General Store.
 34209 | Orc:2    | Found Hoydiev's General Store.
 34221 | Orc:2    | Bought a scroll of blinking for 112 gold pieces
 34223 | Orc:2    | Bought a pair of embroidered gloves for 210 gold pieces
 34321 | Orc:2    | Found a staircase to the Elven Halls.
 34695 | Snake:1  | Entered Level 1 of the Snake Pit
 35613 | Snake:1  | Noticed Asterion
 35824 | Snake:1  | Gained mutation: You are dopey. (Int -2) [a cacodemon]
 35831 | Snake:1  | Killed Asterion
 37026 | Snake:1  | Reached skill level 15 in Dodging
 39273 | Snake:2  | HP: 7/152 [poisoned by a nagaraja (splash of poison)]
 40876 | Snake:3  | Noticed Nikola
 40889 | Snake:3  | Killed Nikola
 41673 | Snake:3  | Reached XP level 17. HP: 126/160 MP: 7/16
 44160 | Snake:4  | Entered Level 4 of the Snake Pit
 44160 | Snake:4  | Noticed Vashnia
 44160 | Snake:4  | Noticed Aizul
 46217 | Snake:4  | Killed Aizul
 47290 | Snake:4  | Killed Vashnia
 47441 | Snake:4  | Found a glowing silver altar of Zin.
 49113 | Snake:4  | Noticed Mara
 49118 | Snake:4  | Noticed mtoz's illusion
 50002 | Snake:4  | Killed Mara
 50205 | Snake:4  | HP: 7/243 [guardian serpent (7)]
 50206 | Snake:4  | HP: 3/243 [poisoned by a guardian serpent (bolt of poison)]
 50207 | Snake:4  | Succumbed to a guardian serpent's bolt of poison

Illustrated notes

Levels and vault maps discovered:
D:1:      dpeg_arrival_tiny_a, layout_basic,
          hellmonk_ecumenical_altar_crossroads
D:2:      layout_loops_ring, serial_shops, shop, nicolae_shop_overgrown_old_shop
D:3:      layout_basic, serial_shops, shop, ebering_ghost_gozag
D:4:      layout_basic, mainiacjoe_overflow_brackets, uniq_eustachio,
          uniq_menkaure, uniq_ijyb
D:5:      layout_cave_pods
D:6:      layout_basic, minmay_temple_entry_offerings
D:7:      layout_basic
D:8:      layout_basic, grunt_potential
D:9:      layout_rooms, st_stairs_11, uniq_prince_ribbit1
D:10:     layout_roguey, david_lair_generic, orc_0_dummy, special_room
          [special_room_bee]
D:11:     layout_grid_maze, grunt_decor_fettered
D:12:     layout_cave_pools, serial_shops, shop, uniq_urug, uniq_frances,
          uniq_nessos
D:13:     layout_basic, uniq_azrael
D:14:     layout_roguey, grunt_vaults_entry_fortified,
          infiniplex_staircase_star, nemelex_lonely_heart_becter, uniq_louise,
          uniq_roxanne
D:15:     grunt_enter_depths_magical_seal, layout_basic, led_sif_pool,
          chequers_serial_rivers_marsh
Lair:1:   wander_river, layout_layer_cave, serial_bayou_crossing,
          grunt_megastairs_5, infiniplex_staircase_pool
Lair:2:   layout_cave_pods, minmay_snake_entry_six_corridors,
          infiniplex_staircase_pool_2
Lair:3:   layout_roguey, palyth_hydra_swamp_entry, gammafunk_ghost_split,
          st_stairs_5, minmay_holes, serial_bayou_shore_b
Lair:4:   layout_hall_layers, grunt_megastairs_4, lemuel_fruit_tree
Lair:5:   layout_regular_city, dpeg_slime_entry_corner,
          ebering_ghost_disaster_area, beast_lair_carwin_3,
          minmay_lair_oklob_chamber
Lair:6:   grunt_lair_end_beastmaster, layout_layer_cave, minmay_lindwurm_lava
Snake:1:  layout_basic, uniq_asterion
Snake:2:  layout_cave_town
Snake:3:  dpeg_oklob_gauntlet, layout_chambers, uniq_nikola
Snake:4:  grunt_snake_rune_pools, layout_misc_corridors, basic_altar,
          uniq_vashnia, uniq_mara, uniq_aizul
Orc:1:    layout_caves
Orc:2:    st_orc_rangers, layout_caves, basic_altar, nicolae_shop_self_help

Skill      XL: |  1  2  3  4  5  6  7  8  9 10 11 12 13 14 15 16 17 |
---------------+----------------------------------------------------+-----
Fighting       | 4 5 6 8 9 10 11 12 13 14 15 16 17 | 17.6
Axes           | 4 5 6 8 9 10 11 12 13 14 15 16 17 | 17.5
Armour         | 3 4 5 6 7 9 10 11 12 13 14 15 16 17 | 17.4
Dodging        | 3 4 5 6 8 9 10 11 12 13 14 15 16 | 16.2
Evocations     | 3 5 6 8 9 10 11 12 | 12.4

Action                   |  1- 3 |  4- 6 |  7- 9 | 10-12 | 13-15 | 16-18 || total
-------------------------+-------+-------+-------+-------+-------+-------++-------
Melee: Hand axe          |    88 |    78 |   265 |       |       |       ||   431
       Headbutt          |     7 |    15 |    69 |   106 |   207 |   206 ||   610
       Unarmed           |       |       |     2 |       |       |       ||     2
       War axe           |       |       |    68 |    59 |       |       ||   127
       Battleaxe         |       |       |       |   411 |   822 |   881 ||  2114
       Flail             |       |       |       |     6 |       |       ||     6
Invok: Trog's Hand       |       |     4 |    16 |    31 |    40 |    56 ||   147
       Berserk           |       |     3 |     6 |     8 |    10 |    12 ||    39
       Brothers in Arms  |       |       |       |       |       |     1 ||     1
 Abil: Evoke Invisibilit |       |       |       |       |       |     2 ||     2
Evoke: Wand              |       |       |       |     8 |       |       ||     8
  Use: Scroll            |     3 |     1 |    11 |     9 |     7 |     9 ||    40
       Potion            |       |       |     8 |     2 |     3 |     4 ||    17
 Stab: Sleeping          |     1 |     1 |       |       |       |       ||     2
       Petrified         |       |       |       |       |     2 |       ||     2
       Petrifying        |       |       |       |       |     1 |       ||     1
       Invisible         |       |       |       |       |       |     4 ||     4
Armor: Animal skin       |    24 |    10 |       |       |       |       ||    34
       Scale mail        |       |    10 |    80 |       |       |       ||    90
       Skin              |       |       |     1 |       |       |       ||     1
       Plate armour      |       |       |    63 |   375 |   385 |    29 ||   852
       Chain mail        |       |       |       |       |   122 |   336 ||   458
Dodge: Dodged            |    53 |    34 |   159 |   293 |   464 |   524 ||  1527
       Repelled          |       |       |       |     1 |     6 |       ||     7
Block: Other             |       |       |    12 |   164 |   192 |   229 ||   597
       Reflection        |       |       |     1 |     4 |    10 |    58 ||    73
